 Dungeon Crawl Stone Soup version 0.19.5 (webtiles) character file.

2044150 DwarfAlpaca the Intangible (level 27, 204/204 HPs)
             Began as a Tengu Berserker on Apr 24, 2017.
             Was a High Priest of Trog.
             Escaped with the Orb
             ... and 4 runes on Apr 25, 2017!
             The game lasted 15:21:57 (103349 turns).

DwarfAlpaca the Intangible (Tengu Berserker)      Turns: 103349, Time: 15:21:58

Health: 204/204    AC: 28    Str: 23    XL:     27
Magic:  27/27      EV: 39    Int:  9    God:    Trog [*****.]
Gold:   4593       SH: 22    Dex: 34    Spells: 0 memorised, 26 levels left

rFire  + + +     SeeInvis .     a - +8 double sword (slice)
rCold  . . .     Gourm    .     z - +5 plate armour of Winter {Str+2 Dex+4 Slay+5}
rNeg   + + +     Faith    .     k - +5 shield {reflect}
rPois  +         Spirit   .     l - +1 hat of the Wary Eyes {rElec rN+ Dex+2}
rElec  +         Reflect  +     T - +0 cloak of Aneaw Jaem {rN++ Str+3 Stlth+}
rCorr  .         Harm     .     s - +0 pair of fencer's gloves {+Riposte Dex+3}
MR     ++...                    (boots unavailable)
Stlth  +++.......               I - amulet "Veclismec" {RegenMP rPois rF+ Str-5 Dex+5}
                                Q - ring of protection from fire
                                K - ring of Sovereignty {rF+ Str+2}

@: flying quickly and evasively, quick
A: beak, talons 3, rugged brown scales 1, weak 1, evolution 1, able to fly 2
a: Stop Flying, Berserk, Trog's Hand, Brothers in Arms, Burn Spellbooks,
Renounce Religion
0: Orb of Zot
}: 4/15 runes: decaying, serpentine, slimy, silver


You escaped.
You worshipped Trog.
Trog was extremely pleased with you.
You were not hungry.

You visited 13 branches of the dungeon, and saw 59 of its levels.
You visited the Abyss 9 times.
You visited 1 bazaar.
You visited 1 ziggurat, and saw 3 of its levels.
You also visited: Bailey.

You collected 13801 gold pieces.
You spent 9208 gold pieces at shops.

Inventory:

Hand Weapons
 a - a +8 double sword of slicing (weapon)
 v - the +9 scimitar "Dexkepp" {drain, rC++ MR++ Dex+2}
   (Trog gifted it to you on level 5 of the Vaults)

   A truly terrible weapon, it drains the life of those it strikes.
   It affects your dexterity (+2).
   It greatly protects you from cold.
   It affects your resistance to hostile enchantments.
 M - the +8 rapier "Xoraangiru" {freeze, rPois rC+}
   (Trog gifted it to you in a bailey)

   It has been specially enchanted to freeze those struck by it, causing extra
   injury to most foes and up to half again as much damage against particularly
   susceptible opponents.
   It can also slow down cold-blooded creatures.
   It protects you from cold.
   It protects you from poison.
Missiles
 U - 4 throwing nets (quivered)
Armour
 k - a +5 shield of reflection (worn)
 l - the +1 hat of the Wary Eyes (worn) {rElec rN+ Dex+2}
   (You found it on level 1 of the Depths)

   It affects your dexterity (+2).
   It insulates you from electricity.
   It protects you from negative energy.
 s - the +0 pair of fencer's gloves (worn) {+Riposte Dex+3}
   (You found it on level 2 of the Depths)

   It affects your dexterity (+3).
 z - the +5 plate armour of Winter (worn) {Str+2 Dex+4 Slay+5}
   (You found it on level 5 of the Pits of Slime)

   It affects your strength (+2).
   It affects your dexterity (+4).
   It affects your accuracy and damage with ranged weapons and melee attacks
   (+5).
 T - the +0 cloak of Aneaw Jaem (worn) {rN++ Str+3 Stlth+}
   (You found it on level 13 of the Dungeon)

   It affects your strength (+3).
   It greatly protects you from negative energy.
   It makes you more stealthy.
 X - the +9 scale mail of Freedom {rPois MP+9 Stlth+}
   (You found it on level 5 of the Vaults)

   It protects you from poison.
   It affects your magic capacity (+9).
   It makes you more stealthy.
Jewellery
 I - the amulet "Veclismec" (around neck) {RegenMP rPois rF+ Str-5 Dex+5}
   (You took it off a mummy priest on level 3 of the Crypt)

   [amulet of magic regeneration]

   It increases your magic regeneration.
   It affects your strength (-5).
   It affects your dexterity (+5).
   It protects you from fire.
   It protects you from poison.
 K - the ring of Sovereignty (left hand) {rF+ Str+2}
   (You took it off a yaktaur captain on level 5 of the Vaults)

   [ring of strength]

   It affects your strength (+2).
   It protects you from fire.
 N - an uncursed amulet of regeneration
 Q - a ring of protection from fire (right hand)
Wands
 c - a wand of disintegration (17/24)
 f - a wand of disintegration (0/24)
 h - a wand of acid (6/15)
 j - a wand of polymorph (13/24)
 x - a wand of teleportation (5/9)
 C - a wand of random effects (29/48)
 E - a wand of teleportation (9/9)
 L - a wand of paralysis (13/24)
 Y - a wand of flame (34/48)
Scrolls
 b - 3 scrolls of enchant armour
 d - 9 scrolls of fear
 i - 4 scrolls of magic mapping
 m - 17 scrolls of identify
 n - 10 scrolls of fog
 q - 21 scrolls of remove curse
 t - 17 scrolls of teleportation
 A - 5 scrolls of recharging
 B - 2 scrolls of summoning
 D - a scroll of holy word
Potions
 e - 5 potions of haste
 g - 15 potions of curing
 w - 3 potions of magic
 F - 3 potions of cancellation
 O - 7 potions of might
 S - 5 potions of agility
 W - 3 potions of cure mutation
Miscellaneous
 G - 8 sacks of spiders
 V - 8 phantom mirrors
 Z - 3 boxes of beasts
Comestibles
 o - 2 meat rations
 r - 17 beef jerkies
 u - 12 bread rations
 H - 11 slices of pizza
 J - 38 fruits


   Skills:
 O Level 27 Fighting
 + Level 21.9(24.1) Short Blades
 + Level 18.5(22.4) Long Blades
 - Level 0.4 Throwing
 * Level 18.2 Armour
 O Level 27 Dodging
 + Level 25.1 Stealth
 - Level 16.1 Shields
 + Level 2.1 Unarmed Combat
 + Level 5.3 Evocations


You had 26 spell levels left.
You didn't know any spells.

Dungeon Overview and Level Annotations

Branches:
Dungeon (15/15)            Temple (1/1) D:5            Lair (6/6) D:8
  Swamp (4/4) Lair:4        Snake (4/4) Lair:3        Slime (5/5) Lair:5
    Orc (2/2) D:12            Elf (3/3) Orc:2        Vaults (5/5) D:14
  Crypt (3/3) Vaults:2       Tomb (1/3) Crypt:3      Depths (5/5) D:15
    Zot (5/5) Depths:5

Altars:
Ashenzari
Cheibriados
Dithmenos
Elyvilon
Fedhas
Gozag
Hepliaklqana
Kikubaaqudgha
Makhleb
Nemelex Xobeh
Okawaru
Qazlal
Ru
Sif Muna
Trog
Uskayaw
Vehumet
Xom
Yredelemnul
Zin
The Shining One
Beogh
Jiyva

Shops:
D:8 %   D:10 *   D:11 ?   D:15 *[:!   Orc:1 =   Orc:2 (*:[   Elf:1 ((*?*
Elf:3 *   Snake:4 %   Vaults:2 }   Depths:5 (

Portals:
Hell: Depths:1 Depths:2 Depths:3 Depths:4* Depths:5
Abyss: Depths:2 Depths:4 Depths:5
Pandemonium: Depths:2 Depths:3
Trove: Depths:5 (give +6 fire dragon scales)

Annotations:
Depths:4 Boris


Innate Abilities, Weirdness & Mutations

You have a beak for a mouth.
You have claws for feet.
You can fly continuously.
You are partially covered in rugged brown scales. (AC +1, +3% HP)
You are weak. (Str -2)
You evolve.


Message History

You fly upwards.
There is a stone staircase leading down here.
There is a stone staircase leading up here.
You fly upwards.
There is a stone staircase leading down here.
There is a stone staircase leading up here.
You fly upwards.
There is a stone staircase leading down here.
A worm comes into view.
There is an open door here.
There is a stone staircase leading up here.
You fly upwards.
A goblin comes into view.
There is a stone staircase leading down here.
You see here a spear.
A red devil comes into view. It is wielding a trident.
You block the red devil's attack.
The red devil hits you but does no damage.
There is a staircase leading out of the dungeon here.
You have escaped!

..............>............#
#.########################.#
#.# #....................#.#
#.# #.########.#.#######.#.#
#.# #.# ##.........###.#.#
#.# #.# ##..≈≈≈≈≈≈≈..##.#.#
#.###.# ##..≈≈.♣...≈≈..#...#
....#.###..≈≈....♣..≈≈..####
#.#.#...#.≈≈.♣..@.8..≈≈.#
#...###...≈..84.......≈.#
#######...≈.....♣.....≈.#
........#.≈≈.......♣.≈≈.#
#########..≈≈....8..≈≈..#
........#...≈≈....♣≈≈..##
#######......≈≈≈.≈≈≈..##
#####.###...........#
#.......##(.........##


You could see a red devil.

Vanquished Creatures
  the Royal Jelly (Slime:5)
  A pandemonium lord (Zot:1)
  Mara (Vaults:3)
  8 orbs of fire
  2 juggernauts
  5 ancient liches
  Sojobo (Depths:2)
  3 greater mummies
  Frederick (Vaults:2)
  8 curse toes
  3 Killer Klowns
  11 golden dragons
  The ghost of Buffaloe the Bludgeoner, an adept HOFi of Trog (Vaults:3)
  5 bone dragons
  2 electric golems
  Jorgrun (Swamp:4)
  24 tentacled monstrosities
  A shard shrike skeleton (Crypt:1)
  27 Orb Guardians
  4 titans
  5 liches
  Asterion (Depths:2)
  9 tentacled starspawn
  3 deep elf blademasters
  2 deep elf master archers (Elf:3)
  34 acid blobs
  10 quicksilver dragons
  10 sphinxes
  8 death cobs
  9 ancient champions
  19 storm dragons
  An Executioner (Abyss:3)
  4 thorn hunters
  18 shadow dragons
  8 tengu reavers
  A revenant (Crypt:1)
  Donald (Elf:1)
  13 nagarajas
  14 fire giants
  7 draconian monks
  12 deep elf sorcerers
  20 azure jellies
  2 orc warlords
  The ghost of maxonian the Destroyer, a journeyman DsFE of Sif Muna (Orc:2)
  A balrug (Abyss:2)
  10 frost giants
  3 iron dragons
  Aizul (Snake:2)
  10 draconian zealots
  22 vault wardens
  6 deep elf elementalists
  7 draconian knights
  4 ghost moths
  2 curse skulls (Crypt:2)
  21 ironheart preservers
  12 draconian shifters
  9 draconian annihilators
  6 ghouls
  A spriggan defender (Depths:2)
  2 cacodemons
  15 stone giants
  2 reapers
  6 draconian callers
  17 very ugly things
  A juggernaut skeleton (Depths:3)
  6 war gargoyles
  9 vampire knights
  5 caustic shrike skeletons (Crypt:3)
  Nessos (D:12)
  10 deep elf demonologists
  19 green draconians
  18 purple draconians
  9 black draconians
  15 yellow draconians
  Azrael (Elf:1)
  13 mottled draconians
  19 white draconians
  8 deep elf annihilators
  A dire elephant (Lair:6)
  10 spark wasps
  A lorocyproca (Abyss:5)
  23 red draconians
  5 eidola
  A blizzard demon (Depths:3)
  11 fire dragons
  7 jiangshi
  6 deep elf death magi
  15 death oozes
  16 ettins
  A quicksilver dragon zombie (Crypt:1)
  4 mummy priests
  13 yaktaur captains
  Fannar (D:10)
  12 hydras
  6 rakshasas
  23 great orbs of eyes
  Harold (D:10)
  17 ice dragons
  A hell beast (D:7)
  4 deep elf high priests
  11 naga warriors
  2 ghost crabs
  A spriggan air mage (Depths:2)
  15 centaur warriors
  11 anacondas
  2 merfolk avatars
  23 ogre magi
  44 vault guards
  A satyr (shapeshifter) (D:15)
  5 deep troll shamans
  27 dancing weapons
  A death yak (shapeshifter) (Vaults:5)
  7 deep troll earth magi
  14 alligators
  4 death scarabs (Tomb:1)
  2 death knights
  A queen ant (shapeshifter) (Vaults:5)
  5 tengu warriors
  4 orc high priests
  A hell hog (Abyss:1)
  Urug (Orc:2)
  32 deep elf knights
  10 shock serpents
  9 naga sharpshooters
  4 sun demons
  12 thrashing horrors
  Sonja (D:10)
  3 soul eaters
  8 vampire magi
  Nergalle (D:12)
  A storm dragon zombie (Depths:4)
  43 skeletal warriors
  A spatial maelstrom (Abyss:2)
  28 large abominations
  2 shadow wraiths
  5 spriggan berserkers
  14 wretched stars
  4 titan skeletons
  A sea snake (Lair:6)
  A sixfirhy (Depths:2)
  A spark wasp zombie (Depths:2)
  A death drake (shapeshifter) (Depths:2)
  A golden dragon zombie (Depths:4)
  2 iron trolls (Depths:3)
  5 salamander mystics
  3 glowing orange brains
  An infernal demonspawn (Depths:3)
  3 spriggan druids
  6 naga ritualists
  2 unseen horrors
  8 flayed ghosts
  5 hell knights
  A golden dragon skeleton (Crypt:3)
  A swamp dragon (shapeshifter) (Vaults:1)
  13 wizards
  A shadow demon (Abyss:1)
  6 swamp dragons
  A torturous demonspawn (Depths:3)
  30 deep trolls
  3 shadow dragon zombies
  20 deep elf archers
  8 hill giants
  The ghost of sreda the Slasher, a novice NaFi of Okawaru (D:5)
  A sphinx zombie (Depths:2)
  3 lindwurms
  14 ironbrand convokers
  An anaconda skeleton (Crypt:3)
  2 wolf spiders
  20 orc knights
  A human zombie (Vaults:5)
  An orb spider (Abyss:3)
  12 phantasmal warriors
  89 deep elf magi
  20 harpies
  10 shining eyes
  10 necromancers
  A shadow dragon skeleton (Depths:2)
  2 fire giant zombies
  2 mana vipers (shapeshifter)
  10 mana vipers
  A frost giant zombie (Depths:3)
  66 ugly things
  7 cyclopes
  23 salamanders
  30 moths of wrath
  11 worldbinders
  3 fire giant skeletons
  9 orc sorcerers
  2 iron dragon skeletons
  3 rust devils
  A moth of wrath (shapeshifter) (Vaults:5)
  5 apocalypse crabs
  13 guardian serpents
  Maurice (D:10)
  5 elephants (Lair:6)
  19 vault sentinels
  27 black mambas
  8 smoke demons
  A frost giant skeleton (Crypt:3)
  Joseph (D:7)
  3 stone giant skeletons
  2 spiny frogs (shapeshifter)
  23 naga magi
  10 centaur skeletons
  2 eyes of devastation
  17 spiny frogs
  3 kobold demonologists
  A dire elephant skeleton (Crypt:3)
  6 rime drakes
  A demonic crawler (Zig:2)
  2 gargoyles (D:13)
  A yaktaur (shapeshifter) (Elf:1)
  6 efreet
  11 komodo dragons
  11 freezing wraiths
  51 yaktaurs
  6 orange demons
  A komodo dragon (shapeshifter) (Depths:4)
  7 ancient zymes
  3 tormentors
  4 tengu conjurers
  3 spriggan skeletons
  7 guardian mummies
  A queen bee (shapeshifter) (Vaults:2)
  A pale draconian skeleton (Crypt:2)
  3 hellwings
  A red devil (Crypt:1)
  13 hornets
  8 tyrant leeches
  6 polar bears
  2 harpy skeletons
  A jumping spider (shapeshifter) (Depths:2)
  2 merfolk (shapeshifter) (Vaults:5)
  139 slime creatures
  A wind drake (Lair:6)
  20 blink frogs
  40 two-headed ogres
  12 bog bodies
  A hydra skeleton (Crypt:2)
  10 trolls
  A two-headed ogre (shapeshifter) (Vaults:5)
  A blink frog (shapeshifter) (Abyss:2)
  A deep troll zombie (Depths:1)
  An ice dragon zombie (Crypt:2)
  32 raiju
  11 hippogriffs
  5 dream sheep (Lair:6)
  2 centaur simulacra
  5 redbacks (Snake:2)
  An ice dragon skeleton (Crypt:2)
  10 ynoxinuls
  10 flying skulls
  4 shadows
  3 vampires
  9 spriggans
  6 wyverns
  5 air elementals
  2 water elementals (Elf:2)
  27 small abominations
  64 yaks
  10 wraiths
  5 hungry ghosts
  7 fire bats
  An ushabti (Tomb:1)
  A yak (shapeshifter) (D:13)
  A black mamba zombie (Crypt:3)
  A human (shapeshifter) (Vaults:3)
  9 chaos spawn
  4 neqoxecs
  3 fire elementals
  3 golden eyes (Slime:4)
  A steam dragon (D:7)
  Grum (D:8)
  4 basilisks
  2 elf skeletons
  5 swamp worm simulacra (Swamp:4)
  12 wargs
  16 swamp worms
  24 vampire mosquitoes
  2 mottled dragons
  18 insubstantial wisps
  75 nagas
  A spatial vortex (Abyss:2)
  Edmund (D:5)
  A soldier ant (D:11)
  12 water moccasins
  A soldier ant (shapeshifter) (D:15)
  4 floating eyes
  4 hell hounds (Elf:1)
  A floating eye (shapeshifter) (Vaults:5)
  13 hydra simulacra (Swamp:4)
  6 porcupines
  A water moccasin (shapeshifter) (Depths:3)
  67 orc warriors
  8 eyes of draining
  14 swamp drakes
  A ghost crab zombie (Crypt:3)
  An ettin simulacrum (Vaults:5)
  5 ice beasts
  An eye of draining (shapeshifter) (Vaults:5)
  6 sky beasts
  64 ogres
  A tengu (shapeshifter) (Elf:3)
  A lindwurm skeleton (Crypt:2)
  3 necrophages
  The ghost of Aquagraph the Chopper, an amateur HuWn of Makhleb (D:3)
  A blink frog zombie (Crypt:1)
  A manticore skeleton (Crypt:3)
  4 snapping turtle skeletons
  8 boggarts
  22 centaurs
  A swamp dragon skeleton (Crypt:2)
  11 wolves
  A tengu (Abyss:5)
  16 crocodiles
  16 bullfrogs
  2 big kobolds (Depths:4)
  A hell hound zombie (Crypt:2)
  6 earth elementals
  A yaktaur skeleton (Crypt:1)
  A hippogriff skeleton (Crypt:3)
  A wyvern skeleton (D:13)
  A glowing shapeshifter simulacrum (Vaults:3)
  2 scorpions
  A spriggan zombie (Crypt:2)
  13 killer bees
  30 wights
  2 electric eels
  8 howler monkeys
  7 crimson imps
  A quasit (D:14)
  3 centaur zombies
  6 jellies
  2 bullfrog zombies
  4 iron imps
  35 starcursed masses
  A yaktaur simulacrum (Vaults:1)
  6 hounds
  A jelly (shapeshifter) (Vaults:3)
  3 bullfrog skeletons
  22 orc priests
  30 orc wizards
  2 iguanas
  12 worker ants
  2 killer bee zombies
  A sky beast zombie (Crypt:1)
  2 ogre skeletons
  A tengu skeleton (Crypt:2)
  A hound skeleton (D:5)
  7 mummies
  15 gnolls
  11 adders
  A howler monkey skeleton (D:8)
  3 river rats
  5 shadow imps
  3 white imps (Abyss:2)
  3 ufetubi
  An ooze (D:6)
  3 swamp drake simulacra (Swamp:4)
  4 adder skeletons
  A lava snake zombie (Crypt:3)
  4 worms
  A dart slug (D:1)
  3 leopard geckos
  109 orcs
  8 giant cockroaches
  29 goblins
  15 hobgoblins
  A jackal (shapeshifter) (Vaults:5)
  6 jackals
  A quokka (D:12)
  8 ball pythons
  9 bats
  5 frilled lizards
  A frilled lizard zombie (Crypt:3)
  3 hobgoblin skeletons
  2 jackal skeletons
  7 kobolds
  A leopard gecko zombie (D:6)
  An orc skeleton (Crypt:1)
  An orc zombie (Crypt:3)
  10 rats
  2 crawling corpses (Elf:3)
  3 plants
  5 starspawn tentacles (Abyss:1)
3361 creatures vanquished.

Vanquished Creatures (collateral kills)
  A golden dragon (Zot:3)
  Roxanne (Swamp:2)
  A nagaraja (Snake:4)
  A draconian shifter (Zot:3)
  A black draconian (Zot:3)
  A red draconian (Zot:3)
  A death ooze (Slime:5)
  3 naga warriors
  A dancing weapon (Elf:2)
  A naga sharpshooter (Snake:3)
  2 shock serpents
  2 salamanders (Snake:3)
  2 black mambas
  4 naga magi
  10 nagas
32 creatures vanquished.

Vanquished Creatures (others)
  An azure jelly (Swamp:4)
  2 draconian callers (Zot:3)
  2 stone giants
  A fire dragon (Abyss:5)
  5 yaktaur captains
  3 centaur warriors
  A deep elf mage (Elf:3)
  2 deep elf archers
  8 yaktaurs
  An ancient zyme (Abyss:3)
  A hornet (Swamp:1)
  A slime creature (Slime:5)
  A warg (Vaults:2)
  A swamp worm (Swamp:1)
  A naga (Snake:4)
  An ogre (Vaults:2)
  A small abomination (Abyss:3)
  2 centaurs (Depths:1)
  A ball lightning (Crypt:1)
  An orc (Vaults:3)
  3 briar patches (Swamp:2)
  2 bushes (D:8)
  28 fungi
  61 plants
  22 starspawn tentacles
  9 toadstools (Swamp:2)
162 creatures vanquished.

Grand Total: 3555 creatures vanquished

Notes
Turn   | Place    | Note
-------+----------+-------------------------------------------
     0 | D:1      | DwarfAlpaca the Tengu Berserker began the quest for the Orb.
     0 | D:1      | Reached XP level 1. HP: 14/14 MP: 2/2
   207 | D:1      | Reached XP level 2. HP: 19/19 MP: 3/3
   587 | D:1      | Reached XP level 3. HP: 23/23 MP: 4/4
  1042 | D:2      | Reached ** piety under Trog
  1485 | D:2      | Reached XP level 4. HP: 28/28 MP: 5/5
  1948 | D:3      | Noticed Aquagraph's ghost (amateur HuWn)
  2061 | D:4      | Found an opulent altar of Gozag.
  2188 | D:4      | Reached skill level 1 in Stealth
  2433 | D:4      | Gained mutation: You can fly. [Tengu growth]
  2433 | D:4      | Reached XP level 5. HP: 23/33 MP: 6/6
  2443 | D:4      | Reached skill level 5 in Short Blades
  2604 | D:3      | Reached XP level 6. HP: 38/38 MP: 7/7
  2777 | D:3      | Reached *** piety under Trog
  2819 | D:3      | Killed Aquagraph's ghost
  3099 | D:4      | Reached skill level 1 in Shields
  3135 | D:4      | Got an ivory falchion
  3143 | D:4      | Identified the +0 falchion of Bixint {drain, Str+3} (You found it on level 4 of the Dungeon)
  3291 | D:4      | Reached XP level 7. HP: 44/44 MP: 8/8
  3352 | D:4      | Got an ancient robe
  3363 | D:4      | Identified the +1 robe "Puytezes" {Dex+4} (You found it on level 4 of the Dungeon)
  3615 | D:5      | Entered Level 5 of the Dungeon
  3638 | D:5      | Reached skill level 1 in Long Blades
  3677 | D:5      | Noticed Edmund
  3710 | D:5      | Killed Edmund
  3710 | D:5      | Reached skill level 5 in Fighting
  3718 | D:5      | Noticed sreda's ghost (novice NaFi)
  3803 | D:5      | Killed sreda's ghost
  3803 | D:5      | Reached XP level 8. HP: 50/50 MP: 9/9
  3926 | D:5      | Found a staircase to the Ecumenical Temple.
  3935 | Temple   | Entered the Ecumenical Temple
  4355 | D:6      | Reached skill level 5 in Long Blades
  4456 | D:6      | Found a deep blue altar of Sif Muna.
  4456 | D:6      | Found a basalt altar of Yredelemnul.
  4500 | D:6      | Found a stormy altar of Qazlal.
  4607 | D:6      | Reached XP level 9. HP: 42/55 MP: 10/10
  4891 | D:6      | Gained mutation: Your body sometimes deteriorates upon taking damage. [mutagenic meat]
  4893 | D:6      | Gained mutation: You have a pair of small antennae on your head. [mutagenic meat]
  4894 | D:6      | Gained mutation: You are partially covered in yellow scales. (AC +2) [mutagenic meat]
  4895 | D:6      | Gained mutation: You possess an exceptional clarity of mind. [mutagenic meat]
  5039 | D:7      | Reached skill level 5 in Dodging
  5095 | D:7      | Found a bloodstained altar of Trog.
  5095 | D:7      | Noticed Joseph
  5759 | D:7      | Found a sacrificial altar of Ru.
  5784 | D:7      | Killed Joseph
  5784 | D:7      | Reached XP level 10. HP: 61/61 MP: 11/11
  5998 | D:8      | Noticed Grum
  6007 | D:8      | Killed Grum
  6249 | D:8      | Found an opulent altar of Gozag.
  6333 | D:7      | Reached skill level 10 in Long Blades
  6521 | D:7      | Reached skill level 5 in Shields
  6684 | D:8      | Found a staircase to the Lair.
  6701 | D:8      | Reached **** piety under Trog
  6701 | D:8      | Reached XP level 11. HP: 58/67 MP: 12/12
  6771 | D:8      | Found Hepsofou's Food Emporium.
  6804 | D:8      | Bought a royal jelly for 26 gold pieces
  7091 | Lair:1   | Entered Level 1 of the Lair of Beasts
  9333 | Lair:3   | Reached XP level 12. HP: 75/75 MP: 13/13
 10345 | Lair:3   | Found a staircase to the Snake Pit.
 11099 | Lair:4   | Noticed a seven-headed hydra
 11135 | Lair:4   | Reached skill level 10 in Dodging
 11231 | Lair:4   | Found a staircase to the Swamp.
 12024 | Lair:4   | Killed a seven-headed hydra
 12177 | Lair:5   | Found a staircase to the Slime Pits.
 12919 | Lair:6   | Entered Level 6 of the Lair of Beasts
 13050 | Lair:6   | Reached ***** piety under Trog
 13470 | Lair:6   | Reached skill level 10 in Fighting
 13624 | Lair:6   | Reached XP level 13. HP: 79/82 MP: 11/14
 13732 | Lair:6   | Reached skill level 5 in Stealth
 15900 | Lair:6   | Noticed a dire elephant
 15942 | Lair:6   | Killed a dire elephant
 15942 | Lair:6   | Reached skill level 1 in Evocations
 16677 | Lair:6   | Reached skill level 10 in Short Blades
 17154 | Lair:6   | Gained mutation: You can fly continuously. [Tengu growth]
 17154 | Lair:6   | Reached XP level 14. HP: 87/90 MP: 15/15
 17744 | Swamp:1  | Entered Level 1 of the Swamp
 18520 | Swamp:1  | Identified a scroll of acquirement
 18962 | Snake:1  | Entered Level 1 of the Snake Pit
 19802 | Snake:1  | Got a crude scimitar
 19818 | Snake:1  | Identified the cursed +1 scimitar of Maxed {slice, Dex+3} (You found it on level 1 of the Snake Pit)
 20231 | Snake:1  | Received a gift from Trog
 20808 | Snake:1  | Received a gift from Trog
 21345 | D:8      | Bought a bread ration for 65 gold pieces
 21655 | D:9      | Gained mutation: Your spells are a little easier to cast, but a little less powerful. [mutagenic meat]
 21656 | D:9      | Gained mutation: Potions and wands are less effective at restoring your health. [mutagenic meat]
 21843 | D:9      | Found a snail-covered altar of Cheibriados.
 21849 | D:9      | Found a sparkling altar of Nemelex Xobeh.
 22018 | D:9      | Found a burning altar of Makhleb.
 22112 | D:10     | Entered Level 10 of the Dungeon
 22160 | D:10     | Noticed Maurice
 22228 | D:10     | Killed Maurice
 22336 | D:10     | Noticed Harold
 22349 | D:10     | Noticed Sonja
 22352 | D:10     | Killed Sonja
 22352 | D:10     | Reached XP level 15. HP: 96/96 MP: 16/16
 22455 | D:10     | Killed Harold
 22470 | D:10     | Noticed Fannar
 22502 | D:10     | Killed Fannar
 22709 | D:10     | Received a gift from Trog
 22851 | D:10     | Found Yzybyerr's General Store.
 22859 | D:10     | Bought a scroll of identify for 26 gold pieces
 22859 | D:10     | Bought a scroll of magic mapping for 45 gold pieces
 23055 | D:11     | Found a flagged portal.
 23082 | Bailey   | Entered a bailey
 23383 | Bailey   | Reached ****** piety under Trog
 23383 | Bailey   | Received a gift from Trog
 23435 | Bailey   | Got an encrusted rapier {god gift}
 23436 | Bailey   | Identified the +8 rapier "Xoraangiru" {freeze, rPois rC+} (Trog gifted it to you in a bailey)
 23468 | Bailey   | Noticed an orc warlord
 23528 | Bailey   | Killed an orc warlord
 23542 | Bailey   | HP: 2/97 [orc warrior/war axe (23)]
 24145 | D:11     | Found Baakhlesu's Magic Scroll Shoppe.
 24776 | D:12     | Noticed Nessos
 25253 | D:12     | Found a staircase to the Orcish Mines.
 25265 | D:12     | Noticed Nergalle
 25279 | D:12     | Killed Nergalle
 25443 | D:12     | Lost mutation: You possess an exceptional clarity of mind. [potion of cure mutation]
 25443 | D:12     | Lost mutation: Your spells are a little easier to cast, but a little less powerful. [potion of cure mutation]
 25443 | D:12     | Lost mutation: Your body sometimes deteriorates upon taking damage. [potion of cure mutation]
 25443 | D:12     | Lost mutation: Potions and wands are less effective at restoring your health. [potion of cure mutation]
 25443 | D:12     | Lost mutation: You have a pair of small antennae on your head. [potion of cure mutation]
 25444 | D:12     | Gained mutation: You are partially covered in slimy green scales. (AC +2) [potion of beneficial mutation]
 25445 | D:12     | Gained mutation: Your muscles are strong. (Str +2) [potion of beneficial mutation]
 25841 | D:12     | Killed Nessos
 26450 | Orc:1    | Entered Level 1 of the Orcish Mines
 27212 | Orc:2    | Entered Level 2 of the Orcish Mines
 27457 | Orc:2    | Received a gift from Trog
 27602 | Orc:2    | Found a staircase to the Elven Halls.
 27768 | Orc:2    | Noticed Urug
 27802 | Orc:2    | Killed Urug
 27813 | Orc:2    | Found a roughly hewn altar of Beogh.
 27911 | Orc:2    | Noticed an orc warlord
 27986 | Orc:2    | Found a flickering gateway to a bazaar.
 27993 | Bazaar   | Entered a bazaar
 27997 | Bazaar   | Found Furchi's Jewellery Boutique.
 28016 | Bazaar   | Found Fuecuz's Antique Weapon Shoppe.
 28034 | Bazaar   | Found Taeli's Antique Weapon Boutique.
 28051 | Bazaar   | Found Enuvuam's Gadget Emporium.
 28121 | Bazaar   | Bought the ring "Coec" {Str+2 SInv Stlth+} for 464 gold pieces
 28157 | Bazaar   | Bought a twisted short sword for 168 gold pieces
 28163 | Bazaar   | Identified the +4 short sword "Killer Bee's Bane" {vamp, +Fly Str+6 Int-4} (You bought it in a shop in a bazaar)
 28194 | Bazaar   | Bought the amulet "Ogust" {RegenMP rElec rPois rC-} for 659 gold pieces
 28322 | Orc:1    | Found Lyptov's Jewellery Boutique.
 28357 | Orc:1    | Bought an uncursed amulet of regeneration for 420 gold pieces
 28576 | Orc:1    | Paralysed by an orc sorcerer for 5 turns
 28840 | Orc:2    | Killed an orc warlord
 28840 | Orc:2    | Reached XP level 16. HP: 105/105 MP: 18/18
 28926 | Orc:2    | Found Uczoq's Antique Weapon Boutique.
 28939 | Orc:2    | Found Natuoc's General Store.
 28963 | Orc:2    | Found Ryupn's Book Boutique.
 28979 | Orc:2    | Found Funuu's Antique Armour Boutique.
 29003 | Orc:2    | Bought a scroll of fear for 56 gold pieces
 29261 | Elf:1    | Entered Level 1 of the Elven Halls
 29462 | Elf:1    | Found Noteg's Antique Weapon Shop.
 29488 | Elf:1    | Found Limuxedo's Weapon Shoppe.
 29717 | D:13     | Reached skill level 10 in Stealth
 29875 | D:13     | Got a fine ring mail
 29886 | D:13     | Identified the cursed +0 ring mail of Gaisut {rN++} (You found it on level 13 of the Dungeon)
 29932 | D:13     | Found an iron altar of Okawaru.
 29955 | D:13     | Reached skill level 15 in Dodging
 29986 | D:13     | Got a faintly glowing cloak
 29999 | D:13     | Identified the +0 cloak of Aneaw Jaem {rN++ Str+3 Stlth+} (You found it on level 13 of the Dungeon)
 30855 | D:14     | Reached skill level 1 in Unarmed Combat
 30985 | D:14     | Found a gate to the Vaults.
 31799 | D:15     | Entered Level 15 of the Dungeon
 32166 | D:15     | Received a gift from Trog
 32206 | D:15     | Found a staircase to the Depths.
 32466 | D:15     | Found Qadey's Antique Armour Shoppe.
 32603 | D:15     | Reached skill level 15 in Fighting
 32660 | D:15     | Found Massakhu's General Store.
 32673 | D:15     | Bought a potion of curing for 45 gold pieces
 32943 | D:15     | Found Dirunn's Book Boutique.
 33004 | D:15     | Found Giuha's Distillery.
 33184 | Depths:1 | Entered Level 1 of the Depths
 33270 | Depths:1 | Reached XP level 17. HP: 113/113 MP: 19/19
 33551 | Snake:2  | Noticed Aizul
 33554 | Snake:2  | Killed Aizul
 33586 | Snake:2  | Got a warped dagger
 33777 | Snake:2  | You are sucked into a shaft!
 34102 | Snake:2  | Identified the +3 dagger of the Empty Page {pierce, rPois Dex+2} (You found it on level 2 of the Snake Pit)
 35343 | Snake:3  | Received a gift from Trog
 35929 | Snake:4  | Entered Level 4 of the Snake Pit
 36613 | Snake:4  | Received a gift from Trog
 36626 | Snake:4  | Got a crystal long sword {god gift}
 36627 | Snake:4  | Identified the +2 long sword of Wrongful Imprisonment {slice, SInv} (Trog gifted it to you on level 4 of the Snake Pit)
 36755 | Snake:4  | Found Qoyjuekk's Food Shoppe.
 37015 | Snake:4  | Reached XP level 18. HP: 120/120 MP: 20/20
 38031 | Snake:4  | Got a serpentine rune of Zot
 38125 | Snake:4  | Received a gift from Trog
 38467 | D:15     | Bought a scroll of acquirement for 780 gold pieces
 38532 | D:15     | Bought a potion of curing for 45 gold pieces
 38532 | D:15     | Bought a potion of heal wounds for 75 gold pieces
 38532 | D:15     | Bought a potion of heal wounds for 75 gold pieces
 39714 | Swamp:2  | Noticed Roxanne
 39958 | Swamp:2  | Received a gift from Trog
 39965 | Swamp:2  | Got an ichor-stained quarterstaff {god gift}
 39974 | Swamp:2  | Identified the +8 quarterstaff "Kuss" {crush, *Rage +Blink rC+ Stlth+} (Trog gifted it to you on level 2 of the Swamp)
 40682 | Swamp:3  | Reached skill level 15 in Stealth
 41003 | Swamp:4  | Entered Level 4 of the Swamp
 41321 | Swamp:4  | Reached XP level 19. HP: 90/128 MP: 21/21
 41425 | Swamp:4  | Gained mutation: Scrolls take you a little longer to read. [potion of mutation]
 41425 | Swamp:4  | Lost mutation: Your muscles are strong. (Str +2) [potion of mutation]
 41425 | Swamp:4  | Gained mutation: You are agile. (Dex +2) [potion of mutation]
 41896 | Swamp:4  | Noticed Jorgrun
 42038 | Swamp:4  | Received a gift from Trog
 42257 | Swamp:4  | Got a decaying rune of Zot
 42426 | Swamp:4  | Killed Jorgrun
 42556 | Swamp:2  | Killed Roxanne
 42562 | Swamp:2  | Identified Roxanne's Almanac of Transmutation (You took it off Roxanne on level 2 of the Swamp)
 42904 | Orc:2    | Noticed maxonian's ghost (journeyman DsFE)
 42967 | Orc:2    | Killed maxonian's ghost
 43050 | Orc:2    | Received a gift from Trog
 43828 | Elf:1    | Found an ancient bone altar of Kikubaaqudgha.
 43836 | Elf:1    | Found Zuiguoc's Magic Scroll Shop.
 43839 | Elf:1    | Found Quqofyshai's General Store.
 43842 | Elf:1    | Found Xureph's Assorted Antiques.
 43844 | Elf:1    | Bought a scroll of enchant armour for 90 gold pieces
 43844 | Elf:1    | Bought a scroll of enchant armour for 90 gold pieces
 43876 | Elf:1    | Bought a scroll of identify for 50 gold pieces
 44135 | Elf:1    | Noticed Donald
 44137 | Elf:1    | Killed Donald
 44218 | Elf:1    | Noticed Azrael
 44295 | Elf:1    | Bought a scroll of blinking for 90 gold pieces
 44303 | Elf:1    | Bought a scroll of enchant armour for 187 gold pieces
 44393 | Elf:1    | Killed Azrael
 44786 | Elf:2    | Received a gift from Trog
 44862 | Elf:2    | Found a huge runed gate.
 44862 | Elf:2    | Found a huge runed gate.
 44863 | Elf:2    | Found a huge runed gate.
 44863 | Elf:2    | Found a huge runed gate.
 44869 | Elf:2    | Found a huge runed gate.
 45730 | Elf:2    | Reached XP level 20. HP: 97/136 MP: 22/22
 47114 | Elf:3    | Entered Level 3 of the Elven Halls
 47192 | Elf:3    | Received a gift from Trog
 47332 | Elf:3    | Got a slimy iron ring
 47334 | Elf:3    | Identified the ring of the Unstoppable Mice {Wiz rElec Str-4 Int+3 Dex+7} (You found it on level 3 of the Elven Halls)
 47342 | Elf:3    | Got a smoking great sword
 47348 | Elf:3    | Identified the +9 great sword of Iconoclasm {slice, +Inv rN++} (You found it on level 3 of the Elven Halls)
 47796 | Elf:3    | Found Hovvusch's General Store.
 48319 | Elf:3    | Received a gift from Trog
 48526 | Elf:3    | Reached skill level 10 in Shields
 49322 | Elf:3    | Cast into level 2 of the Abyss (a deep elf sorcerer)
 49686 | Elf:3    | Escaped the Abyss
 49707 | Elf:3    | Received a gift from Trog
 49726 | Elf:3    | Got a polished falchion {god gift}
 49734 | Elf:3    | Identified the +8 falchion of Xeepog {flame, rElec rC++ Str+2 Int-4} (Trog gifted it to you on level 3 of the Elven Halls)
 49818 | Elf:3    | Got a vibrating diamond amulet
 49861 | Elf:3    | Identified the amulet of Imodghor {Inacc MR- Dex+6} (You found it on level 3 of the Elven Halls)
 50127 | Vaults:1 | Entered Level 1 of the Vaults
 50302 | Vaults:1 | Reached XP level 21. HP: 142/142 MP: 23/23
 50822 | Vaults:1 | Received a gift from Trog
 52108 | Vaults:1 | Received a gift from Trog
 52368 | Vaults:2 | Cast into level 3 of the Abyss (a deep elf sorcerer)
 52863 | Abyss:3  | Found a corrupted altar of Lugonu.
 53028 | Abyss:3  | Noticed a profane servitor
 53132 | Abyss:3  | Gained mutation: You are dopey. (Int -2) [a cacodemon]
 53219 | Abyss:3  | Received a gift from Trog
 53359 | Abyss:3  | Noticed a bone dragon
 53766 | Abyss:3  | Noticed a bone dragon
 53815 | Abyss:3  | Reached XP level 22. HP: 149/149 MP: 24/24
 53940 | Abyss:3  | Found a corrupted altar of Lugonu.
 54055 | Abyss:3  | Reached skill level 15 in Long Blades
 54377 | Vaults:2 | Escaped the Abyss
 54437 | Vaults:2 | Paralysed by an ogre mage for 4 turns
 54665 | Vaults:2 | Found a staircase to the Crypt.
 54867 | Vaults:2 | Received a gift from Trog
 54875 | Vaults:2 | Got a crystal falchion {god gift}
 55010 | Vaults:2 | Identified the +5 falchion of Fyobym {venom, MR+} (Trog gifted it to you on level 2 of the Vaults)
 55289 | Vaults:2 | Found Ugeepit's Gadget Boutique.
 55389 | Vaults:2 | Lost mutation: You are dopey. (Int -2) [potion of beneficial mutation]
 55395 | Vaults:2 | Noticed Frederick
 55835 | Vaults:2 | Reached skill level 15 in Shields
 56314 | Vaults:3 | Received a gift from Trog
 56367 | Vaults:3 | Noticed Buffaloe's ghost (adept HOFi)
 56631 | Vaults:3 | Noticed Mara
 57020 | Vaults:3 | Killed Mara
 58515 | Vaults:4 | Reached XP level 23. HP: 137/156 MP: 26/26
 58992 | Vaults:4 | Received a gift from Trog
 58995 | Vaults:4 | Got a transparent falchion {god gift}
 58996 | Vaults:4 | Identified the +7 falchion "Qyaderut" {slice, rPois rF- rC+ rN+} (Trog gifted it to you on level 4 of the Vaults)
 59607 | Vaults:5 | Entered Level 5 of the Vaults
 60224 | Vaults:5 | Received a gift from Trog
 60321 | Vaults:5 | Got a dazzling scimitar {god gift}
 60339 | Vaults:5 | Identified the +9 scimitar "Dexkepp" {drain, rC++ MR++ Dex+2} (Trog gifted it to you on level 5 of the Vaults)
 60363 | Vaults:5 | Got a crude brass ring
 61286 | Vaults:5 | Received a gift from Trog
 61656 | Vaults:5 | Reached XP level 24. HP: 95/164 MP: 26/26
 62491 | Vaults:5 | Got a silver rune of Zot
 62565 | Vaults:4 | Identified the ring of Sovereignty {rF+ Str+2} (You took it off a yaktaur captain on level 5 of the Vaults)
 62653 | Vaults:2 | Killed Frederick
 62795 | D:15     | Bought a potion of resistance for 150 gold pieces
 62795 | D:15     | Bought a potion of haste for 150 gold pieces
 62795 | D:15     | Bought 2 potions of cancellation for 240 gold pieces
 62795 | D:15     | Bought a potion of cure mutation for 375 gold pieces
 62855 | D:15     | Bought a steaming robe for 199 gold pieces
 62867 | D:15     | Identified the +1 robe of the Thunderstorm {Str+6 Int+2 Dex-3} (You bought it in a shop on level 15 of the Dungeon)
 63347 | D:11     | Bought 3 scrolls of acquirement for 2808 gold pieces
 63347 | D:11     | Bought a scroll of enchant armour for 135 gold pieces
 63349 | D:11     | Bought a scroll of enchant armour for 135 gold pieces
 63757 | D:15     | Received a gift from Trog
 63981 | Depths:1 | Got a crude hat
 63983 | Depths:1 | Got a dazzling hat
 63996 | Depths:1 | Identified the +0 hat "Dowasu" {rC+} (You found it on level 1 of the Depths)
 64006 | Depths:1 | Identified the +1 hat of the Wary Eyes {rElec rN+ Dex+2} (You found it on level 1 of the Depths)
 64058 | Depths:1 | Got a steaming robe
 64071 | Depths:1 | Identified the +2 robe of the Thirsty Tales {*Slow rN+ Slay+2} (You found it on level 1 of the Depths)
 64093 | Depths:1 | Found a radiant altar of Vehumet.
 64138 | Depths:1 | Got a crude hat
 64150 | Depths:1 | Identified the cursed -5 hat "Litaiheo" {Str+2} (You found it on level 1 of the Depths)
 64477 | Depths:1 | Found a gateway to Hell.
 64761 | Depths:1 | Received a gift from Trog
 65336 | Depths:2 | Noticed a juggernaut
 65365 | Depths:1 | Killed a juggernaut
 65375 | Depths:1 | Identified a +0 rod of ignition (10/10) (You found it on level 1 of the Depths)
 65861 | Depths:2 | Reached XP level 25. HP: 159/172 MP: 26/26
 65953 | Depths:2 | Noticed Sojobo
 65986 | Depths:2 | Found a one-way gate to the infinite horrors of the Abyss.
 66328 | Depths:2 | Noticed Asterion
 66335 | Depths:2 | Killed Asterion
 66335 | Depths:2 | Received a gift from Trog
 66343 | Depths:2 | Found a one-way gate leading to the halls of Pandemonium.
 66867 | Depths:2 | Noticed a juggernaut
 66916 | Depths:2 | Voluntarily entered the Abyss.
 66924 | Abyss:1  | Noticed an ancient lich
 66965 | Abyss:1  | Noticed an ancient lich
 66965 | Abyss:1  | Found a stormy altar of Qazlal.
 67050 | Abyss:1  | Gained mutation: You occasionally shout uncontrollably at your foes. [a neqoxec]
 67401 | Depths:2 | Escaped the Abyss
 67570 | Depths:2 | Killed a juggernaut
 68021 | Depths:3 | Paralysed by a floating eye for 3 turns
 68470 | Depths:3 | Received a gift from Trog
 68535 | Depths:3 | Got a bloodstained scimitar {god gift}
 68543 | Depths:3 | Identified the +5 scimitar of Huerisuth {slice, rElec} (Trog gifted it to you on level 3 of the Depths)
 68977 | Depths:3 | Reached XP level 26. HP: 176/180 MP: 27/27
 69430 | Depths:3 | Received a gift from Trog
 70342 | Depths:4 | Noticed Boris
 70378 | Depths:4 | Received a gift from Trog
 70915 | Depths:4 | Noticed an ancient lich
 70922 | Depths:4 | Killed an ancient lich
 70940 | Depths:4 | Cast into level 3 of the Abyss (a deep elf sorcerer)
 71087 | Depths:4 | Escaped the Abyss
 71892 | Depths:5 | Entered Level 5 of the Depths
 72281 | Depths:5 | Found a gateway to a ziggurat.
 72287 | Zig:1    | Entered Level 1 of a ziggurat
 72333 | Zig:2    | Entered Level 2 of a ziggurat
 72503 | Zig:3    | Entered Level 3 of a ziggurat
 72506 | Zig:3    | Noticed Qiohub the pandemonium lord
 72686 | Depths:5 | Found a portal to a secret trove of treasure.
 72956 | Depths:5 | Found Nichikaff's Antique Weapon Shoppe.
 73198 | Depths:5 | Received a gift from Trog
 73414 | Depths:5 | Reached XP level 27. HP: 187/187 MP: 27/27
 73456 | Depths:5 | Found a gate to the Realm of Zot.
 73465 | Zot:1    | Entered Level 1 of the Realm of Zot
 73713 | Zot:1    | Noticed an orb of fire
 76375 | Zot:2    | Noticed an orb of fire
 76395 | Zot:2    | Gained mutation: Your spells are a little easier to cast, but a little less powerful. [an orb of fire]
 76507 | Zot:3    | Received a gift from Trog
 78129 | Zot:2    | Gained mutation: You expend magic power (3 MP) to strengthen your wands. [an orb of fire]
 78153 | Zot:2    | Killed an orb of fire
 78916 | Depths:2 | Killed Sojobo
 79118 | Vaults:1 | Received a gift from Trog
 80478 | Vaults:5 | Got an ancient scale mail
 80493 | Vaults:5 | Identified the +9 scale mail of Freedom {rPois MP+9 Stlth+} (You found it on level 5 of the Vaults)
 80750 | Vaults:5 | Noticed an ancient lich
 80975 | Crypt:1  | Entered Level 1 of the Crypt
 80976 | Crypt:1  | Lost mutation: Your spells are a little easier to cast, but a little less powerful. [potion of cure mutation]
 80976 | Crypt:1  | Lost mutation: Scrolls take you a little longer to read. [potion of cure mutation]
 80976 | Crypt:1  | Lost mutation: You occasionally shout uncontrollably at your foes. [potion of cure mutation]
 80976 | Crypt:1  | Lost mutation: You expend magic power (3 MP) to strengthen your wands. [potion of cure mutation]
 81442 | Crypt:1  | Noticed a greater mummy
 81749 | Slime:1  | Entered Level 1 of the Pits of Slime
 81968 | Slime:1  | Received a gift from Trog
 81996 | Slime:1  | Gained mutation: You are weak. (Str -2) [a shining eye]
 82007 | Slime:1  | Reached skill level 5 in Armour
 82755 | Slime:3  | Gained mutation: You occasionally shout uncontrollably at your foes. [a shining eye]
 82800 | Slime:2  | Gained mutation: You have supernaturally acute eyesight. (SInv) [a shining eye]
 82809 | Slime:3  | Gained mutation: Your spells are a little easier to cast, but a little less powerful. [a shining eye]
 83180 | Slime:1  | Gained mutation: You are dopey. (Int -2) [a shining eye]
 83182 | Slime:1  | Gained mutation: Armour fits poorly on your strangely shaped body. [a shining eye]
 83184 | Slime:1  | Lost mutation: You are agile. (Dex +2) [potion of cure mutation]
 83184 | Slime:1  | Lost mutation: You have supernaturally acute eyesight. (SInv) [potion of cure mutation]
 83184 | Slime:1  | Lost mutation: Armour fits poorly on your strangely shaped body. [potion of cure mutation]
 83184 | Slime:1  | Lost mutation: You are dopey. (Int -2) [potion of cure mutation]
 83184 | Slime:1  | Lost mutation: You are partially covered in slimy green scales. (AC +2) [potion of cure mutation]
 83373 | Slime:3  | Lost mutation: You are weak. (Str -2) [potion of cure mutation]
 83373 | Slime:3  | Lost mutation: Your spells are a little easier to cast, but a little less powerful. [potion of cure mutation]
 83373 | Slime:3  | Lost mutation: You are partially covered in yellow scales. (AC +2) [potion of cure mutation]
 83373 | Slime:3  | Lost mutation: You occasionally shout uncontrollably at your foes. [potion of cure mutation]
 83447 | Slime:3  | Received a gift from Trog
 83478 | Slime:4  | Gained mutation: You are dopey. (Int -2) [a shining eye]
 83480 | Slime:4  | Gained mutation: You are clumsy. (Dex -2) [a shining eye]
 83481 | Slime:4  | Gained mutation: You are very clumsy. (Dex -4) [a shining eye]
 83493 | Slime:4  | Gained mutation: You are frail. (-10% HP) [a shining eye]
 83496 | Slime:3  | Gained mutation: Scrolls take you a little longer to read. [a shining eye]
 83795 | Slime:5  | Entered Level 5 of the Pits of Slime
 84156 | Slime:5  | Noticed the Royal Jelly
 84481 | Slime:5  | Found a viscous altar of Jiyva.
 84578 | Slime:5  | Gained mutation: You occasionally shout uncontrollably at your foes. [a shining eye]
 84582 | Slime:5  | Received a gift from Trog
 85110 | Slime:5  | Killed the Royal Jelly
 85282 | Slime:5  | Got a slimy rune of Zot
 85439 | Slime:5  | Got a wavering steel ring
 85447 | Slime:5  | Identified the ring of Luang {Str+4 Stlth+} (You found it on level 5 of the Pits of Slime)
 85488 | Slime:5  | Got a transparent dagger
 85489 | Slime:5  | Identified the +10 dagger "Peera" {flame, rC++ MR-} (You found it on level 5 of the Pits of Slime)
 85542 | Slime:5  | Got a crude lajatang
 85550 | Slime:5  | Identified the cursed +0 lajatang "Jellybane" {drain, rN++} (You found it on level 5 of the Pits of Slime)
 85557 | Slime:5  | Got a twisted plate armour
 85568 | Slime:5  | Identified the +5 plate armour of Winter {Str+2 Dex+4 Slay+5} (You found it on level 5 of the Pits of Slime)
 86158 | D:14     | Lost mutation: Scrolls take you a little longer to read. [potion of cure mutation]
 86158 | D:14     | Lost mutation: You are frail. (-10% HP) [potion of cure mutation]
 86158 | D:14     | Lost mutation: You are dopey. (Int -2) [potion of cure mutation]
 86158 | D:14     | Lost mutation: You are very clumsy. (Dex -4) [potion of cure mutation]
 86158 | D:14     | Lost mutation: You are clumsy. (Dex -2) [potion of cure mutation]
 86453 | Vaults:3 | Killed Buffaloe's ghost
 86730 | Crypt:1  | Noticed a greater mummy
 86748 | Crypt:1  | Killed a greater mummy
 86803 | Crypt:1  | Noticed a greater mummy
 86956 | Crypt:1  | Paralysed by something for 2 turns
 87378 | Vaults:2 | Killed a greater mummy
 87609 | Crypt:1  | Killed a greater mummy
 87623 | Crypt:1  | Received a gift from Trog
 88261 | Crypt:2  | Got a wizard robe
 88272 | Crypt:2  | Identified the +1 robe "Noxeepp" {rPois Str+10} (You found it on level 2 of the Crypt)
 88799 | Crypt:3  | Entered Level 3 of the Crypt
 89084 | Crypt:3  | Found a deep blue altar of Sif Muna.
 89211 | Crypt:3  | Got a smoking ruby amulet
 89242 | Crypt:3  | Identified the amulet "Veclismec" {RegenMP rPois rF+ Str-5 Dex+5} (You took it off a mummy priest on level 3 of the Crypt)
 89284 | Crypt:3  | Received a gift from Trog
 89432 | Crypt:3  | Found a staircase to the Tomb.
 89601 | Crypt:3  | Reached skill level 27 in Dodging
 90052 | Crypt:3  | Noticed an ancient lich
 90213 | Crypt:3  | Killed an ancient lich
 90213 | Crypt:3  | Reached skill level 15 in Short Blades
 90306 | Crypt:3  | Received a gift from Trog
 90308 | Crypt:3  | Got a glittering jade ring
 90883 | Tomb:1   | Entered Level 1 of the Tomb of the Ancients
 91051 | Tomb:1   | Paralysed by a sphinx for 2 turns
 91273 | Tomb:1   | Identified the ring "Wezxyax" {Wiz *Contam Str+4 Dex+5} (You took it off an ancient champion on level 3 of the Crypt)
 91503 | Tomb:1   | Noticed a greater mummy
 92129 | D:15     | Bought 2 potions of cure mutation for 750 gold pieces
 92129 | D:15     | Bought 2 potions of cure mutation for 750 gold pieces
 92129 | D:15     | Bought a potion of might for 60 gold pieces
 92397 | Depths:2 | Voluntarily entered the Abyss.
 92407 | Abyss:1  | Received a gift from Trog
 92414 | Abyss:1  | Found a corrupted altar of Lugonu.
 92503 | Abyss:1  | Reached skill level 10 in Armour
 92675 | Abyss:1  | Found a corrupted altar of Lugonu.
 92811 | Depths:2 | Escaped the Abyss
 93562 | Depths:2 | Voluntarily entered the Abyss.
 94168 | Depths:2 | Escaped the Abyss
 94170 | Depths:2 | Voluntarily entered the Abyss.
 94304 | Abyss:2  | Found a basalt altar of Yredelemnul.
 94355 | Abyss:2  | Received a gift from Trog
 94485 | Abyss:2  | Paralysed by accursed screaming for 2 turns
 94513 | Depths:2 | Escaped the Abyss
 94978 | Zot:1    | Gained mutation: Your magical capacity is low. (-10% MP) [an orb of fire]
 94979 | Zot:1    | Gained mutation: Your magical capacity is very low. (-20% MP) [an orb of fire]
 95004 | Zot:1    | Killed an orb of fire
 96472 | Zot:2    | Reached skill level 5 in Evocations
 96536 | Zot:2    | Received a gift from Trog
 98529 | Zot:3    | Received a gift from Trog
 98583 | Zot:4    | Reached skill level 27 in Fighting
 99321 | Zot:5    | Entered Level 5 of the Realm of Zot
100140 | Zot:5    | Reached skill level 15 in Armour
100215 | Zot:5    | Noticed an orb of fire
100220 | Zot:5    | Gained mutation: You are frail. (-10% HP) [an orb of fire]
100221 | Zot:5    | Gained mutation: Potions and wands are less effective at restoring your health. [an orb of fire]
100261 | Zot:5    | Killed an orb of fire
100279 | Zot:5    | Noticed an ancient lich
100291 | Zot:5    | Killed an ancient lich
100405 | Zot:5    | Noticed an ancient lich
100447 | Zot:5    | Noticed an orb of fire
100462 | Zot:5    | Gained mutation: You are weak. (Str -2) [an orb of fire]
100472 | Zot:5    | Killed an orb of fire
100478 | Zot:5    | Noticed an orb of fire
100503 | Zot:5    | Gained mutation: You are partially covered in thin metallic scales. (AC +2) [an orb of fire]
100517 | Zot:5    | Gained mutation: Your spells are a little harder to cast, but a little more powerful. [an orb of fire]
100518 | Zot:5    | Gained mutation: You are very weak. (Str -4) [an orb of fire]
100519 | Zot:5    | Killed an orb of fire
100566 | Zot:5    | Noticed an ancient lich
100940 | Zot:5    | Cast into level 5 of the Abyss (an ancient lich)
100940 | Abyss:5  | Entered Level 5 of the Abyss
101067 | Abyss:5  | Gained mutation: Armour fits poorly on your strangely shaped body. [a neqoxec]
101086 | Abyss:5  | Lost mutation: Armour fits poorly on your strangely shaped body. [potion of cure mutation]
101086 | Abyss:5  | Lost mutation: Your spells are a little harder to cast, but a little more powerful. [potion of cure mutation]
101086 | Abyss:5  | Lost mutation: You are frail. (-10% HP) [potion of cure mutation]
101086 | Abyss:5  | Lost mutation: Your magical capacity is very low. (-20% MP) [potion of cure mutation]
101086 | Abyss:5  | Lost mutation: You are very weak. (Str -4) [potion of cure mutation]
101086 | Abyss:5  | Lost mutation: You occasionally shout uncontrollably at your foes. [potion of cure mutation]
101134 | Abyss:5  | Received a gift from Trog
101207 | Zot:5    | Escaped the Abyss
101237 | Zot:5    | Cast into level 5 of the Abyss (an ancient lich)
101237 | Abyss:5  | Entered Level 5 of the Abyss
101277 | Abyss:5  | Found a corrupted altar of Lugonu.
101567 | Zot:5    | Escaped the Abyss
101580 | Zot:5    | Killed an ancient lich
101757 | Zot:5    | Lost mutation: You are partially covered in thin metallic scales. (AC +2) [potion of cure mutation]
101757 | Zot:5    | Lost mutation: Your magical capacity is low. (-10% MP) [potion of cure mutation]
101757 | Zot:5    | Lost mutation: You are weak. (Str -2) [potion of cure mutation]
101757 | Zot:5    | Lost mutation: Potions and wands are less effective at restoring your health. [potion of cure mutation]
101792 | Zot:5    | Got a scorched rapier
101793 | Zot:5    | Identified the +0 rapier of Ylosuem {drain, Int+3} (You acquired it on level 5 of the Realm of Zot)
101930 | Zot:5    | Noticed an orb of fire
102043 | Zot:5    | Killed an ancient lich
102054 | Zot:5    | Gained mutation: Armour fits poorly on your strangely shaped body. [an orb of fire]
102064 | Zot:5    | Gained mutation: You evolve. [an orb of fire]
102067 | Zot:5    | Killed an orb of fire
102089 | Zot:5    | Noticed an orb of fire
102216 | Zot:5    | Gained mutation: You are weak. (Str -2) [an orb of fire]
102219 | Zot:5    | Gained mutation: Your spells are a little easier to cast, but a little less powerful. [an orb of fire]
102222 | Zot:5    | Gained mutation: You are very weak. (Str -4) [an orb of fire]
102232 | Zot:5    | Gained mutation: You are clumsy. (Dex -2) [an orb of fire]
102236 | Zot:5    | Noticed an orb of fire
102238 | Zot:5    | Gained mutation: You are frail. (-10% HP) [an orb of fire]
102241 | Zot:5    | Gained mutation: You are partially covered in rugged brown scales. (AC +1, +3% HP) [an orb of fire]
102242 | Zot:5    | Gained mutation: You tend to lose your temper in combat. [an orb of fire]
102243 | Zot:5    | Killed an orb of fire
102256 | Zot:5    | Killed an orb of fire
102572 | Zot:5    | Got the Orb of Zot
102757 | Zot:1    | Noticed Ytubbih the pandemonium lord
102776 | Zot:1    | Lost mutation: You are clumsy. (Dex -2) [potion of cure mutation]
102776 | Zot:1    | Lost mutation: Armour fits poorly on your strangely shaped body. [potion of cure mutation]
102776 | Zot:1    | Lost mutation: You tend to lose your temper in combat. [potion of cure mutation]
102776 | Zot:1    | Lost mutation: You are very weak. (Str -4) [potion of cure mutation]
102776 | Zot:1    | Lost mutation: You are frail. (-10% HP) [potion of cure mutation]
102788 | Zot:1    | Killed Ytubbih the pandemonium lord
103022 | D:13     | Lost mutation: Your spells are a little easier to cast, but a little less powerful. [evolution]
103131 | D:7      | Noticed an ancient lich
103349 | D:$      | Escaped with the Orb!

Skill      XL: |  1  2  3  4  5  6  7  8  9 10 11 12 13 14 15 16 17 18 19 20 21 22 23 24 25 26 27 |
---------------+----------------------------------------------------------------------------------+-----
Short Blades   | 4 5 6 7 10 11 12 21 | 21.9
Stealth        | 1 2 3 4 5 6 9 11 13 15 16 17 19 21 22 25 | 25.1
Fighting       | 4 5 6 7 8 10 11 12 13 15 16 17 18 19 20 21 22 23 27 | 27.0
Dodging        | 3 4 5 7 9 10 12 13 14 15 16 17 18 19 20 21 22 23 24 27 | 27.0
Shields        | 1 2 3 5 6 7 11 13 15 16 | 16.1
Long Blades    | 4 5 9 10 12 14 15 16 18 | 18.5
Evocations     | 1 2 3 4 5 |  5.3
Armour         | 4 18 | 18.2
Unarmed Combat | 2 |  2.1
Throwing       | |  0.4

Action                   |  1- 3 |  4- 6 |  7- 9 | 10-12 | 13-15 | 16-18 | 19-21 | 22-24 | 25-27 || total
-------------------------+-------+-------+-------+-------+-------+-------+-------+-------+-------++-------
Melee: Short sword       |    22 |       |       |       |       |       |       |       |       ||    22
       Kick              |    21 |    25 |   112 |   425 |  1016 |   862 |  1211 |  1362 |  5142 || 10176
       Peck              |     9 |    16 |    75 |   292 |   658 |   569 |   818 |   881 |  3431 ||  6749
       Dagger            |    55 |   106 |       |   159 |  1329 |       |       |       |       ||  1649
       Falchion          |       |     5 |   209 |   653 |       |    10 |   542 |   141 |       ||  1560
       Scimitar          |       |       |       |       |    68 |       |       |   480 |   860 ||  1408
       Rapier            |       |       |       |       |   685 |  1666 |  1576 |  1613 |  6123 || 11663
       Unarmed           |       |       |       |       |       |    19 |       |       |       ||    19
       Double sword      |       |       |       |       |       |     7 |       |    16 |   190 ||   213
Throw: Throwing net      |       |       |       |       |     1 |       |       |       |       ||     1
Invok: Berserk           |     2 |     3 |     7 |    11 |    13 |     4 |    14 |     8 |    15 ||    77
       Trog's Hand       |       |     3 |    10 |    15 |    19 |     3 |    12 |    18 |    30 ||   110
       Burn Spellbooks   |       |       |     1 |     3 |     1 |       |     4 |     4 |    14 ||    27
       Brothers in Arms  |       |       |       |       |       |     6 |     4 |     1 |    11 ||    22
 Abil: Fly               |       |     2 |     6 |    35 |    23 |       |       |     1 |     5 ||    72
       Evoke Invisibilit |       |       |       |       |       |       |     1 |       |       ||     1
       Stop Flying       |       |       |       |       |       |       |       |     1 |     5 ||     6
Evoke: Wand              |       |       |       |     1 |     8 |     1 |     1 |    25 |    24 ||    60
       Sack of spiders   |       |       |       |       |       |       |       |       |     2 ||     2
  Use: Scroll            |     1 |     4 |     2 |    18 |    20 |    11 |    12 |    17 |    35 ||   120
       Potion            |       |       |     1 |     5 |    14 |       |     8 |     5 |    31 ||    64
 Stab: Sleeping          |     1 |     4 |     4 |     9 |    36 |    50 |    34 |    54 |    67 ||   259
       Distracted        |       |     1 |     2 |       |     6 |    12 |    24 |    16 |    54 ||   115
       Invisible         |       |       |       |       |       |       |     1 |       |       ||     1
       Confused          |       |       |       |       |       |       |       |       |     1 ||     1
  Eat: Chunk             |     3 |    10 |    27 |    23 |    55 |    28 |    33 |    34 |    45 ||   258
       Bread ration      |       |       |       |     4 |     5 |     4 |     5 |       |       ||    18
       Fruit             |       |       |       |     2 |       |       |       |       |     7 ||     9
       Royal jelly       |       |       |       |     2 |       |       |       |       |     2 ||     4
       Meat ration       |       |       |       |       |       |       |     1 |     4 |    18 ||    23
       Beef jerky        |       |       |       |       |       |       |       |       |     3 ||     3
       Pizza             |       |       |       |       |       |       |       |       |     1 ||     1
Armor: Animal skin       |     7 |    10 |     1 |       |       |       |       |       |       ||    18
       Robe              |       |       |    21 |    31 |    36 |    38 |    54 |    15 |    59 ||   254
       Scale mail        |       |       |       |       |    11 |       |       |       |   123 ||   134
       Skin              |       |       |       |       |       |       |       |    11 |       ||    11
       Plate armour      |       |       |       |       |       |       |       |       |   129 ||   129
Dodge: Dodged            |    45 |    42 |   125 |   411 |   983 |   873 |  1052 |   916 |  3362 ||  7809
Block: Buckler           |     7 |    11 |    38 |   165 |   406 |   424 |    79 |       |       ||  1130
       Shield            |       |       |       |       |       |       |   769 |  1038 |  3937 ||  5744
       Reflection        |       |       |       |       |       |       |    59 |   104 |   147 ||   310
       Rpst.: Falchion   |       |     1 |    44 |    93 |       |       |    47 |    16 |       ||   201
       Scimitar          |       |       |       |       |    11 |       |       |    43 |   235 ||   289
       Double sword      |       |       |       |       |       |     1 |       |     3 |    48 ||    52
       Rapier            |       |       |       |       |       |       |       |       |   353 ||   353
